Map: 2000 Atmospheres LE

Players

Namshar

  • Race: Zerg Zerg
  • League: Master

MaSa - Winner!

  • Race: Terran Terran

Event: DreamHack SC2 Masters 2021 Summer

VOD

Have the link to the VOD?

Description

Time

  • Played on: May 28, 2021, 5:33 p.m.
  • Length: 18:34

All games in this series

Show
View Real Time Build Order
Export as new Build Order

Namshar Zerg 

Build Orders: Hatch First 

Get SALT Encoding   

  12  0:00  Drone  
  13  0:12  Overlord  
  13  0:17  Drone  
  14  0:31  Drone x2  
  16  0:48  Hatchery  
  15  0:51  Drone  
  15  0:55  Drone  
  17  0:57  Drone  
  18  1:09  Extractor  
  17  1:13  Spawning Pool  
  17  1:16  Drone  
  17  1:19  Drone  
  18  1:28  Drone  
  19  1:39  Drone  
  20  1:49  Drone  
  21  2:00  Queen x2  
  21  2:01  Zergling x4  
  27  2:14  Hatchery  
  26  2:17  Overlord  
  26  2:21  Drone  
  27  2:23  Drone  
  28  2:34  Metabolic Boost  
  28  2:37  Drone x3  
  31  2:46  Queen  
  31  2:49  Overlord  
  33  2:55  Overlord  
  33  3:09  Drone x3  
  36  3:17  Drone x5  
  39  3:26  Queen x2  
  43  3:30  Drone x2  
  46  3:34  Drone  
  46  3:36  Overlord  
  46  3:43  Zergling x2  
  46  3:46  Drone  
  48  3:50  Drone  
  48  3:51  Overlord  
  49  3:55  Drone  
  49  3:56  Drone x4  
  49  3:57  Queen  
  49  4:01  Queen  
  58  4:06  Zergling x2  
  58  4:12  Zergling x2  
  58  4:13  Zergling x2  
  58  4:14  Drone  
  58  4:15  Drone x3  
  64  4:19  Queen  
  64  4:22  Overlord x2  
  66  4:32  Spine Crawler  
  66  4:38  Zergling x2  
  66  4:42  Zergling x14  
  72  4:48  Zergling x4  
  74  4:52  Drone  
  74  4:53  Drone x3  
  77  5:00  Drone x3  
  77  5:01  Spore Crawler  
  77  5:02  Spore Crawler  
  77  5:03  Queen  
  79  5:08  Drone  
  79  5:09  Drone  
  79  5:12  Drone  
  81  5:14  Extractor  
  81  5:15  Extractor, Lair  
  81  5:19  Drone  
  81  5:20  Drone, Evolution Chamber  
  81  5:21  Evolution Chamber, Spore Crawler, Baneling Nest  
  77  5:23  Drone  
  77  5:29  Drone x2  
  77  5:32  Drone x2  
  77  5:33  Overlord x2  
  77  5:34  Extractor  
  80  5:40  Drone  
  81  5:46  Overlord x2  
  81  5:48  Hatchery, Zerg Ground Armor Level 1  
  80  5:50  Spore Crawler  
  80  5:51  Drone x2  
  76  6:00  Drone x6  
  79  6:04  Extractor x2  
  79  6:05  Drone  
  79  6:06  Drone x4  
  80  6:17  Drone x6  
  86  6:26  Drone  
  86  6:27  Drone  
  86  6:28  Centrifical Hooks  
  88  6:39  Drone  
  90  6:40  Drone  
  90  6:41  Drone x2  
  90  6:43  Drone x6  
  98  6:54  Zergling x2  
  98  6:55  Zergling x8  
  103  7:04  Zergling x2  
  103  7:05  Zergling x8  
  108  7:10  Zerg Melee Weapons Level 1  
  108  7:12  Hydralisk Den  
  108  7:14  Drone  
  108  7:16  Zergling x6  
  108  7:18  Baneling x8  
  109  7:33  Zergling x6  
  109  7:38  Drone x6  
  109  7:43  Overlord x4  
  111  7:46  Hatchery, Zerg Ground Armor Level 2  
  111  7:47  Muscular Augments  
  110  7:54  Queen  
  110  7:57  Overseer  
  110  7:58  Hatchery, Queen  
  110  8:05  Drone x8, Extractor  
  119  8:06  Extractor  
  119  8:07  Zergling x18  
  119  8:09  Baneling x3  
  119  8:10  Baneling x3  
  119  8:11  Queen  
  128  8:16  Drone x2  
  128  8:17  Roach Warren  
  128  8:21  Drone x2  
  125  8:32  Hydralisk  
  125  8:33  Hydralisk x6  
  135  8:45  Evolution Chamber  
  135  8:46  Drone x2  
  133  8:56  Baneling x5  
  133  8:59  Grooved Spines  
  133  9:00  Hydralisk x4  
  141  9:04  Overlord x5  
  141  9:05  Overlord  
  141  9:15  Overseer  
  141  9:23  Drone x3  
  144  9:24  Overlord  
  144  9:25  Overlord  
  144  9:26  Drone  
  144  9:27  Zerg Melee Weapons Level 2, Infestation Pit  
  144  9:28  Zerg Missile Weapons Level 1  
  144  9:29  Hydralisk x8  
  154  9:39  Drone x5, Spine Crawler  
  154  9:40  Spine Crawler  
  154  9:43  Spore Crawler  
  156  9:47  Overseer  
  156  9:53  Queen  
  156  9:55  Drone x5  
  156  9:56  Drone x2  
  156  9:57  Drone  
  156  9:58  Drone  
  156  9:59  Drone x3  
  170  10:01  Spine Crawler x2  
  161  10:15  Drone x3  
  161  10:16  Spore Crawler  
  161  10:20  Hive  
  163  10:31  Queen  
  163  10:33  Drone  
  164  10:37  Hydralisk x4  
  164  10:38  Zergling x32  
  164  10:42  Hatchery  
  185  10:56  Hydralisk x3  
  185  10:57  Zergling x22  
  199  11:09  Hydralisk  
  199  11:10  Zergling x2  
  188  11:20  Hydralisk, Zergling x14  
  188  11:21  Zergling x6  
  188  11:23  Zergling x2  
  200  11:33  Zerg Missile Weapons Level 2, Zerg Ground Armor Level 3  
  200  11:34  Adrenal Glands  
  200  11:37  Drone, Lurker Den  
  200  11:40  Baneling x15  
  200  11:46  Baneling x15  
  199  11:50  Drone x3  
  199  11:51  Spine Crawler  
  194  12:09  Baneling x7, Hydralisk, Zergling x2  
  194  12:10  Zergling x6  
  194  12:13  Spore Crawler  
  194  12:15  Spore Crawler  
  186  12:24  Viper x4  
  172  12:40  Hydralisk x4, Overlord  
  172  12:41  Queen, Hydralisk  
  172  12:42  Queen  
  178  12:45  Hydralisk  
  178  12:46  Zergling x30  
  195  12:56  Zerg Melee Weapons Level 3  
  195  12:57  Seismic Spines  
  195  13:01  Extractor, Hatchery  
  195  13:02  Drone x3, Extractor, Spire  
  195  13:03  Spire  
  193  13:09  Hydralisk  
  193  13:10  Zergling x24  
  193  13:12  Baneling x7  
  190  13:26  Hydralisk  
  191  13:27  Zergling x18  
  190  13:37  Hydralisk, Zergling x2  
  190  13:38  Zergling x12  
  190  13:42  Hydralisk, Zergling x4  
  190  13:43  Zergling x4  
  189  13:52  Zerg Missile Weapons Level 3  
  189  13:54  Adaptive Talons  
  159  14:22  Zerg Flyer Armor Level 1, Zerg Flyer Weapons Level 1  
  150  14:26  Drone x6  
  150  14:29  Drone x2, Hatchery  
  153  14:38  Hatchery  
  153  14:44  Hatchery  
  151  14:50  Hydralisk  
  151  14:51  Hydralisk x12  
  151  14:52  Zergling x6  
  172  15:08  Hydralisk, Zergling x14  
  181  15:15  Hatchery, Hydralisk, Zergling x2  
  181  15:16  Zergling x4  
  166  15:31  Hydralisk x10  
  167  15:42  Corruptor  
  167  15:43  Corruptor x4  
  173  15:58  Hydralisk x5  
  181  16:04  Baneling x5  
  181  16:05  Baneling x4  
  178  16:23  Hydralisk  
  178  16:24  Zergling x16  
  168  16:36  Hydralisk  
  168  16:37  Zergling x14  
  160  16:44  Hydralisk  
  160  16:45  Zergling x12  
  163  16:53  Hydralisk  
  159  16:54  Zergling x6  
  157  17:03  Hydralisk  
  157  17:04  Zergling x10  
  147  17:12  Hydralisk, Zergling x2  
  147  17:13  Zergling x6  
  118  17:27  Hatchery  
  117  17:34  Hydralisk x3  
  114  17:40  Baneling x5  
  114  17:48  Hydralisk  
  114  17:49  Hydralisk  
  110  18:16  Drone x7  
Show
View Real Time Build Order
Export as new Build Order

MaSa Terran - Winner!

Build Orders: Mech 

Get SALT Encoding   

  12  0:00  SCV  
  13  0:12  SCV  
  14  0:17  Supply Depot  
  14  0:24  SCV  
  15  0:38  SCV  
  15  0:40  Barracks  
  15  0:42  Refinery  
  16  0:50  SCV  
  17  1:02  SCV  
  18  1:14  SCV  
  19  1:27  Barracks Reactor, Orbital Command  
  19  1:39  Command Center  
  19  1:48  Supply Depot  
  19  1:53  SCV  
  20  2:02  Marine x2  
  20  2:05  SCV  
  23  2:12  Factory  
  23  2:17  SCV  
  23  2:20  Refinery, Marine  
  25  2:22  Marine  
  25  2:29  SCV  
  27  2:38  Marine  
  27  2:40  Marine  
  27  2:43  SCV  
  30  2:53  Orbital Command  
  30  2:55  SCV  
  31  2:59  Starport  
  31  3:05  Hellion x2  
  35  3:08  Marine  
  35  3:10  SCV  
  36  3:21  SCV  
  36  3:22  SCV  
  36  3:25  Supply Depot  
  36  3:26  Marine  
  39  3:28  Hellion  
  39  3:32  Hellion  
  43  3:36  Medivac  
  45  3:42  Fusion Core  
  45  3:44  SCV  
  45  3:47  SCV  
  47  3:50  Supply Depot  
  47  3:56  Barracks Tech Lab, SCV  
  47  3:58  Hellion  
  50  4:06  SCV, Hellion  
  53  4:11  SCV  
  54  4:22  SCV  
  55  4:28  SCV  
  55  4:29  Battlecruiser  
  62  4:33  Supply Depot  
  62  4:44  SCV  
  62  4:51  SCV  
  58  4:53  Hellion x2  
  58  4:54  Command Center  
  58  4:59  SCV  
  62  5:02  Supply Depot  
  62  5:07  SCV  
  62  5:10  Refinery  
  62  5:11  Refinery  
  62  5:13  SCV  
  64  5:19  SCV  
  65  5:25  SCV, Factory  
  66  5:30  Factory  
  66  5:31  SCV  
  67  5:37  SCV  
  68  5:43  SCV  
  68  5:48  Hellion  
  68  5:49  SCV, Hellion  
  72  5:56  SCV  
  73  6:01  SCV  
  74  6:06  Weapon Refit, Battlecruiser  
  74  6:08  SCV, Supply Depot  
  81  6:13  SCV  
  81  6:16  Factory Tech Lab, Hellion  
  84  6:20  Refinery, SCV  
  84  6:23  Armory  
  85  6:26  SCV  
  85  6:32  SCV  
  87  6:38  SCV, Hellion x2, Factory Tech Lab  
  92  6:43  Siege Tank  
  92  6:44  SCV  
  96  6:48  Orbital Command  
  96  6:52  Refinery  
  96  6:53  SCV  
  97  7:00  Engineering Bay  
  97  7:02  SCV  
  97  7:03  Supply Depot  
  97  7:06  SCV  
  99  7:09  Hellion  
  99  7:12  Terran Vehicle And Ship Armor Level 1  
  101  7:23  Supply Depot x2  
  101  7:24  SCV x2  
  101  7:25  SCV  
  101  7:27  Hellion  
  101  7:29  Siege Tank  
  107  7:34  Infernal Pre-Igniter  
  107  7:37  SCV x3  
  105  7:39  Siege Tank  
  101  7:51  Battlecruiser  
  101  7:53  SCV  
  101  7:55  SCV x2  
  110  8:01  Hellion x2, Supply Depot  
  110  8:04  Barracks Reactor  
  114  8:06  Mag-Field Accelerator  
  114  8:07  Siege Tank  
  114  8:10  SCV  
  114  8:11  SCV  
  114  8:12  Factory  
  119  8:13  Factory  
  119  8:15  SCV  
  119  8:19  Missile Turret  
  120  8:20  Cyclone, Missile Turret  
  120  8:23  SCV x2  
  125  8:27  SCV  
  125  8:31  Hellion x2  
  130  8:35  SCV  
  130  8:39  Supply Depot  
  130  8:40  Command Center  
  131  8:42  Missile Turret, Supply Depot  
  131  8:49  Armory  
  131  8:51  Missile Turret  
  131  8:54  Hellion  
  133  9:00  Hellion, Battlecruiser  
  133  9:01  Factory Tech Lab  
  141  9:03  Cyclone, SCV, Siege Tank  
  141  9:04  SCV  
  141  9:06  Supply Depot  
  141  9:08  Supply Depot  
  149  9:27  SCV x3  
  149  9:28  Hellion x2  
  149  9:30  Hellion x2  
  160  9:33  Factory  
  160  9:35  Factory  
  160  9:37  Terran Vehicle And Ship Armor Level 2, Factory  
  160  9:38  Terran Vehicle Weapons Level 1  
  152  9:42  Siege Tank  
  155  9:46  SCV  
  155  9:50  Hellion x2  
  155  9:52  SCV x2  
  162  9:58  SCV  
  163  10:10  Refinery, Hellion x3, Siege Tank  
  163  10:13  SCV  
  173  10:14  Siege Tank  
  173  10:15  Refinery  
  173  10:17  Planetary Fortress  
  173  10:22  Missile Turret  
  173  10:23  Factory Tech Lab x2, Factory Reactor, Sensor Tower  
  173  10:29  Hellion x2  
  173  10:34  Hellion  
  179  10:40  Sensor Tower, Supply Depot  
  179  10:51  Hellion  
  179  11:02  Hellion x3, Command Center x2, Siege Tank  
  188  11:15  Siege Tank x2  
  188  11:16  Hellion x2, Siege Tank x2  
  180  11:24  Hellion x3  
  180  11:31  Supply Depot  
  180  11:34  Hellion, Siege Tank  
  185  11:44  Smart Servos  
  183  11:47  Hellion x2  
  183  11:50  Siege Tank  
  183  11:53  Siege Tank x2  
  192  11:56  Terran Vehicle Weapons Level 2  
  192  11:57  Terran Vehicle And Ship Armor Level 3  
  190  12:03  Hellion x2  
  194  12:13  Siege Tank x2  
  194  12:15  Planetary Fortress  
  200  12:16  Orbital Command  
  198  12:23  Hellion  
  198  12:30  Hellion  
  200  12:43  Orbital Command, Hellion  
  200  12:55  Command Center  
  200  12:57  Sensor Tower, Command Center  
  200  13:06  Sensor Tower  
  200  13:10  Hellion x3, Siege Tank  
  198  13:15  Hellion  
  198  13:16  Hellion  
  200  13:33  Refinery  
  187  13:36  Refinery  
  187  13:38  Hellion x3, Siege Tank x4  
  184  13:42  Siege Tank  
  184  13:44  Hellion x2  
  176  13:56  Missile Turret  
  176  13:58  Missile Turret  
  176  13:59  Hellion x2  
  180  14:08  Hellion x2  
  182  14:10  SCV, Hellion, Thor, Siege Tank x3  
  200  14:21  Command Center  
  198  14:25  Terran Ship Weapons Level 1  
  184  14:31  Missile Turret  
  184  14:34  Terran Vehicle Weapons Level 3, Missile Turret  
  184  14:38  Viking  
  186  14:41  SCV  
  186  14:42  SCV x2  
  189  14:54  Hellion x2  
  189  14:55  Hellion  
  194  15:04  Hellion, Siege Tank  
  194  15:05  Hellion, Siege Tank  
  198  15:12  Missile Turret  
  198  15:16  Missile Turret  
  195  15:21  Supply Depot  
  195  15:23  Hellion x3, Siege Tank  
  193  15:28  Hellion x2  
  193  15:34  SCV x3  
  180  15:41  Siege Tank x3  
  176  15:59  Hellion x4, Siege Tank  
  194  16:04  Hellion x2, Siege Tank  
  194  16:13  Hellion x3  
  197  16:24  Hellion x4  
  199  16:27  Hellion  
  199  16:31  Siege Tank  
  198  16:35  Hellion x4  
  198  16:36  SCV x2  
  178  16:43  Cyclone  
  173  16:48  SCV x3  
  173  16:53  SCV x2  
  175  16:57  SCV  
  175  17:00  SCV, Planetary Fortress  
  171  17:06  Hellion x3, Siege Tank x2  
  164  17:10  Siege Tank  
  164  17:13  Hellion  
  164  17:14  Hellion  
  152  17:26  Command Center  
  148  17:37  SCV x2  
  148  17:38  Missile Turret  
  148  17:39  Missile Turret  
  148  17:40  Hellion  
  152  17:46  SCV x3  
  152  17:48  Command Center  
  152  17:49  Siege Tank x2  
  152  17:50  Siege Tank  
  164  18:00  Cyclone x2  
  164  18:01  Hellion x2, Unknown  
  174  18:05  SCV  
  174  18:06  SCV  
  174  18:09  Missile Turret  
  174  18:10  Missile Turret  
  178  18:23  Missile Turret  
  178  18:24  Missile Turret  
Tags
 
Add a new tag
Caveats
  • Supply blocks, unpowered buildings, or Contaminate may cause inaccurate times.
  • Supply counts are checked every 10 seconds.